 Dungeon Crawl Stone Soup version 0.29-a0-350-g7790a0e70a (webtiles) character file.

Game seed: 9402053334604432787

237219 HendSelp the Peltast (level 19, 0/104 HPs)
             Began as a Vine Stalker Fighter on Apr 21, 2022.
             Was an Initiate of Gozag.
             Slain by a kraken (17 damage)
             ... on level 1 of the Shoals on Apr 22, 2022.
             The game lasted 01:26:05 (38686 turns).

HendSelp the Peltast (Vine Stalker Fighter)        Turns: 38686, Time: 01:26:05

Health: 0/104      AC: 23    Str: 19    XL:     19   Next: 68%
Magic:  0/27       EV:  8    Int: 18    God:    Gozag
Gold:   1983       SH: 28    Dex: 22    Spells: 28/28 levels left

rFire   . . .      SeeInvis +   n - +5 short sword of Ruclul {holy, Contam *Corrode +Blink Int+10}
rCold   . . .      Faith    .   d - +5 tower shield
rNeg    + + .      Spirit   +   K - +5 crystal plate armour
rPois   .          Reflect  .   v - +0 hat of the Vestibule of Hell {Harm *Corrode rN++ SInv}
rElec   .          Harm     +   Q - scarf {repulsion}
rCorr   .          Rampage  .   (no gloves)
Will    ++...                   D - +2 pair of boots
Stlth   ..........              B - amulet of the acrobat
HPRegen 1.07/turn               g - ring of see invisible
MPRegen 0.20/turn               A - +4 ring of evasion

@: mighty, corroded, repel missiles
A: fangs 3, regeneration 1, magic shield, antimagic bite, no potion heal 2
}: 1/15 runes: gossamer
a: Renounce Religion, Evoke Blink, Potion Petition, Call Merchant, Bribe Branch


You were on level 1 of the Shoals.
You worshipped Gozag.
Gozag was most pleased with you.
You visited 6 branches of the dungeon, and saw 30 of its levels.
You also visited: Bailey and Volcano.

You collected 14716 gold pieces.
You spent 3013 gold pieces at shops.
You paid 9720 gold pieces to Gozag.

Inventory:

Hand Weapons
 n - the +5 short sword of Ruclul (weapon) {holy, Contam *Corrode +Blink Int+10}
   (You bought it in a shop on level 10 of the Dungeon)

   It has been blessed by the Shining One to cause great damage to the undead
   and demons.
   Int:       It affects your intelligence (+10).
   +Blink:    It lets you blink.
   Contam:    It causes magical contamination when unequipped.
   *Corrode:  It may corrode you when you take damage.
Missiles
 P - 2 throwing nets (quivered)
Armour
 d - a +5 tower shield (worn)
 l - a +2 cloak
 v - the +0 hat of the Vestibule of Hell (worn) {Harm *Corrode rN++ SInv}
   (You found it on level 4 of the Spider Nest)

   rN:        It greatly protects you from negative energy.
   SInv:      It lets you see invisible.
   *Corrode:  It may corrode you when you take damage.
   Harm:      It increases damage dealt and taken.
 D - a +2 pair of boots (worn)
 K - a +5 crystal plate armour (worn)
 Q - a scarf of repulsion (worn)
Jewellery
 b - a ring of protection from cold
 g - a ring of see invisible (left hand)
 A - a +4 ring of evasion (right hand)
 B - an amulet of the acrobat (around neck)
 G - a +4 ring of evasion
 O - a ring of poison resistance
Wands
 c - a wand of charming (7)
 m - a wand of paralysis (14)
 o - a wand of iceblast (42)
 y - a wand of flame (67)
 C - a wand of mindburst (7)
 F - a wand of acid (25)
 L - a wand of polymorph (3)
Scrolls
 a - 2 scrolls of fog
 p - a scroll of fear
 q - 5 scrolls of enchant weapon
 r - 4 scrolls of immolation
 s - a scroll of summoning
 x - 7 scrolls of teleportation
 I - 3 scrolls of amnesia
 J - 3 scrolls of magic mapping
 M - 5 scrolls of identify
 N - 2 scrolls of blinking
 R - a scroll of holy word
Potions
 e - 6 potions of flight
 f - 3 potions of lignification
 h - 13 potions of brilliance
 i - 5 potions of cancellation
 j - 3 potions of attraction
 k - 6 potions of mutation
 t - 10 potions of ambrosia
 u - 5 potions of magic
 w - 6 potions of heal wounds
 z - 9 potions of curing
 E - a potion of haste
 H - a potion of invisibility


   Skills:
 * Level 13.0 Fighting
 * Level 15.2 Short Blades
 * Level 14.1 Armour
 + Level 2.6 Dodging
 * Level 19.2 Shields
 - Level 5.2 Spellcasting


You had 28 spell levels left.
You didn't know any spells.
Your spell library contained the following spells:

 Spells                   Type           Power      Damage    Failure   Level
 Beastly Appendage        Tmut           8%         N/A       100%        1
 Foxfire                  Conj/Fire      16%        2x1d4     100%        1
 Pain                     Necr           16%        1d4       100%        1
 Slow                     Hex            16%        N/A       100%        1
 Sting                    Tmut/Pois      16%        1d3       100%        1
 Poisonous Vapours        Pois/Air       8%         N/A       100%        2
 Static Discharge         Conj/Air       4%         N/A       100%        2
 Wereblood                Tmut           4%         N/A       100%        2
 Confusing Touch          Hex            4%         N/A       100%        3
 Conjure Flame            Conj/Fire      4%         6-21      100%        3
 Gell's Gravitas          Tloc           4%         N/A       100%        3
 Inner Flame              Hex/Fire       4%         N/A       100%        3
 Lesser Beckoning         Tloc           4%         N/A       100%        3
 Spider Form              Tmut/Pois      4%         N/A       100%        3
 Swiftness                Air            4%         N/A       100%        3
 Teleport Other           Tloc           4%         N/A       100%        3
 Tukima's Dance           Hex            4%         N/A       100%        3
 Vampiric Draining        Necr           4%         2d6       100%        3
 Animate Armour           Summ/Erth      8%         N/A       100%        4
 Cause Fear               Hex            2%         N/A       100%        4
 Flame Wave               Conj/Fire      4%         2d5       100%        4
 Hailstorm                Conj/Ice       4%         3d4       100%        4
 Ice Form                 Ice/Tmut       4%         N/A       100%        4
 Olgreb's Toxic Radiance  Pois           4%         N/A       100%        4
 Summon Lightning Spire   Summ/Air       4%         N/A       100%        4
 Agony                    Necr           4%         N/A       100%        5
 Blade Hands              Tmut           2%         N/A       100%        5
 Excruciating Wounds      Necr           2%         N/A       100%        5
 Fireball                 Conj/Fire      2%         3d4       100%        5
 Freezing Cloud           Conj/Ice/Air   2%         6-21      100%        5
 Lightning Bolt           Conj/Air       2%         1d13      100%        5
 Metabolic Englaciation   Hex/Ice        2%         N/A       100%        5
 Summon Forest            Summ/Tloc      2%         N/A       100%        5
 Summon Mana Viper        Hex/Summ       4%         N/A       100%        5
 Conjure Ball Lightning   Conj/Air       2%         3x3d6     100%        6
 Iron Shot                Conj/Erth      2%         9d2       100%        6
 Simulacrum               Ice/Necr       2%         N/A       100%        6
 Summon Cactus Giant      Summ           2%         N/A       100%        6
 Dragon Form              Tmut           2%         N/A       100%        7
 Ozocubu's Refrigeration  Ice            2%         4d5       100%        7
 Storm Form               Tmut/Air       2%         N/A       100%        7
 Discord                  Hex            2%         N/A       100%        8
 Disjunction              Tloc           2%         N/A       100%        8
 Ignition                 Fire           2%         3d3       100%        8
 Maxwell's Capacitive Co  Air            2%         ∞         100%        8
 Chain Lightning          Conj/Air       2%         3d2       100%        9
 Dragon's Call            Summ           2%         N/A       100%        9
 Fire Storm               Conj/Fire      2%         8d1       100%        9
 Polar Vortex             Ice            2%         N/A       100%        9
 Shatter                  Erth           2%         3d6*      100%        9


Dungeon Overview and Level Annotations

Branches:
Dungeon (15/15)            Temple (1/1) D:5            Lair (6/6) D:11
 Shoals (2/4) Lair:2       Spider (4/4) Lair:3        Slime (0/5) Lair:6
    Orc (2/2) D:10            Elf (0/3) Orc:2        Vaults (0/5) D:14
 Depths (0/4) D:15         Bailey (visited)         Volcano (visited)

Altars:
Ashenzari
Cheibriados
Dithmenos
Elyvilon
Fedhas
Gozag
Hepliaklqana
Kikubaaqudgha
Makhleb
Nemelex Xobeh
Okawaru
Qazlal
Ru
Sif Muna
Trog
Uskayaw
Vehumet
Wu Jian
Xom
Yredelemnul
Zin
The Shining One
Beogh
Jiyva
Lugonu

Shops:
D:7 (   D:10 (*   D:11 (   D:15 ?   Orc:2 :=!!   Lair:4 *   Shoals:2 (
Spider:4 (


Innate Abilities, Weirdness & Mutations

You have razor-sharp teeth.
Your natural rate of healing is unusually fast.
When hurt, damage is shared between your health and your magic reserves.
Your bite disrupts and absorbs the magic of your enemies.
Potions cannot restore your health.


Message History

Unknown command.
You hit the kraken but do no damage. You bite the kraken, but do no damage.
The kraken is heavily wounded.
The tentacle slaps you but does no damage.
You block the tentacle's attack. x2
A tentacle segment bursts forth from the water.
You block the kraken's attack. You block the tentacle's attack.
You hit the kraken but do no damage. You bite the kraken, but do no damage.
The kraken is heavily wounded.
The tentacle slaps you but does no damage.
You block the tentacle's attack. x2
A tentacle segment bursts forth from the water.
The kraken bites you!! You block the tentacle's attack.
Unknown command.
You are too injured to fight recklessly!
You hit the tentacle but do no damage. Your bite misses the tentacle.
You block the tentacle's attack. The tentacle slaps you!
* * * LOW HITPOINT WARNING * * *
You block the tentacle's attack.
A tentacle segment bursts forth from the water.
The tentacle slaps you.
* * * LOW HITPOINT WARNING * * *
Unknown command.
Unknown command.
Unknown command.
Unknown command.
You hit the tentacle but do no damage.
You bite the tentacle, but do no damage.
You block the tentacle's attack. You block the kraken's attack.
You block the tentacle's attack. The tentacle closely misses you.
The tentacle slaps you!
* * * LOW HITPOINT WARNING * * *
Unknown command.
Unknown command.
Unknown command.
Unknown command.
You feel very mighty all of a sudden. You block the tentacle's attack.
The kraken bites you!!
You die...
Your body crumbles into a pile of gold.

≈≈≈≈≈≈.........[.........≈≈
≈≈≈≈≈≈≈........^.........≈≈
≈≈≈≈≈≈≈...####≈.###≈.....≈≈
≈≈≈≈≈≈≈≈.#≈# #...# ≈≈....≈≈
≈≈≈≈≈≈≈..≈###.≈...###...≈≈≈
≈≈≈≈≈≈≈..##..≈≈≈...# ...≈≈≈
≈≈≈≈≈≈≈..#Λ..≈≈≈≈...# ..≈≈≈
≈≈≈≈≈≈≈..wwX≈≈≈≈≈≈≈... .≈≈≈
≈≈≈≈≈≈≈≈≈≈@w≈≈≈≈≈≈≈... ≈≈≈
≈≈≈≈≈≈≈≈≈#.w≈≈≈≈≈≈ .≈≈
≈≈≈≈≈≈≈≈##..≈≈≈.. ...
≈≈≈≈≈≈≈≈# #..≈..# ...
≈≈≈≈≈≈≈≈≈ #...## ...
≈≈≈≈≈≈≈≈≈ #≈≈# ... ≈≈≈≈≈≈≈
≈... ≈.≈


You could see a kraken and 4 tentacles.

Vanquished Creatures
  Jorgrun (D:14)
  Rupert (D:13)
  Mlioglotl (Spider:3)
  Frances (Spider:2)
  8 emperor scorpions
  4 ghost moths
  2 orc warlords (Orc:2)
  Louise (D:15)
  A very ugly thing (D:15)
  A broodmother (Spider:3)
  2 entropy weavers
  4 spark wasps
  Snorg (Orc:2)
  Josephine (Spider:1)
  2 merfolk impalers (Shoals:2)
  Fannar (Lair:3)
  2 rakshasas (D:15)
  2 vault guards (D:14)
  11 hydras
  7 boulder beetles
  2 ogre magi
  A radroach (Spider:3)
  A catoblepas (Lair:4)
  5 jorogumos
  A merfolk avatar (Shoals:2)
  22 two-headed ogres
  4 centaur warriors
  A merfolk aquamancer (Shoals:2)
  2 alligator snapping turtles
  5 death yaks (Lair:3)
  6 death scarabs (Spider:4)
  3 tengu warriors (D:14)
  4 orc high priests (Orc:2)
  A hell knight (Volcano)
  A sun demon (Volcano)
  3 skeletal warriors (D:15)
  6 pharaoh ants
  3 sun moths
  9 steelbarb worms
  6 orb spiders
  Lodul (D:11)
  4 sea snakes
  A glowing orange brain (D:15)
  A wizard (D:12)
  Pikel (D:9)
  3 broodmother zombies (Spider:4)
  2 necromancers (D:14)
  2 spectral wolf spiders (Spider:4)
  A wolf spider zombie (Spider:4)
  A deep elf zephyrmancer (D:15)
  4 orc knights (Orc:2)
  14 wolf spiders
  4 orc sorcerers (Orc:2)
  4 lindwurms
  4 deep elf pyromancers
  2 oklob plants
  The ghost of spaghetti the Caller, a novice DgWn (D:6)
  12 ugly things
  3 merfolk sirens
  14 cyclopes
  4 manticores
  2 black mambas
  3 moths of wrath
  Maurice (Orc:2)
  21 elephants
  2 water nymphs
  3 torpor snails
  22 cane toads
  2 unseen horrors (D:12)
  Maggie (D:6)
  5 demonic crawlers
  A redback zombie (Spider:4)
  8 kobold demonologists
  8 rime drakes (Lair:5)
  2 spectral redbacks (Spider:4)
  A freezing wraith (D:15)
  11 komodo dragons
  3 tengu conjurers (D:14)
  8 polar bears
  A red devil (Volcano)
  A queen bee (D:14)
  2 spectral jumping spiders (Spider:4)
  6 trolls
  2 spectral culicivoras (Spider:4)
  5 merfolk
  2 hornets (D:9)
  8 meliai
  3 wind drakes
  A tarantella zombie (Spider:4)
  2 culicivora zombies (Spider:4)
  3 tyrant leeches (Lair:6)
  20 slime creatures
  22 tarantellas
  25 blink frogs
  7 snapping turtles
  2 spectral tarantellas (Spider:4)
  6 dream sheep
  29 jumping spiders
  20 culicivoras
  Sigmund (D:2)
  3 water elementals
  A culicivora (shapeshifter) (D:15)
  65 yaks
  10 wraiths
  9 wyverns
  2 steam dragons
  21 humans (D:14)
  5 vampire mosquitoes
  A golden eye (shapeshifter) (D:15)
  46 redbacks
  6 basilisks
  5 wargs
  An acid dragon (D:11)
  2 hell hounds (Volcano)
  13 water moccasins
  2 sky beasts (D:7)
  A swamp drake (D:11)
  39 orc warriors
  A black bear (D:4)
  28 ogres
  13 wolves
  5 centaurs
  3 kobold brigands
  17 bullfrogs
  A necrophage (D:7)
  3 scorpions
  3 gnoll sergeants
  6 wights
  29 killer bees
  5 howler monkeys
  8 electric eels
  3 crimson imps (D:14)
  7 jellies
  27 orc priests
  7 gnoll shamans
  2 hounds (D:5)
  3 iguanas
  Jessica (D:2)
  10 hell rats (Lair:5)
  Ijyb (D:3)
  Natasha (thrice) (D:4)
  21 orc wizards
  A statue (D:7)
  42 gnolls
  8 adders
  A white imp (D:3)
  An ufetubus (D:5)
  4 worms (Lair:3)
  5 dart slugs
  112 orcs
  5 endoplasms (D:1)
  4 giant cockroaches
  11 goblins
  10 hobgoblins
  19 kobolds
  6 quokkas
  13 ball pythons
  7 bats
  2 frilled lizards
  5 rats
  A tentacle (Shoals:1)
1191 creatures vanquished.

Vanquished Creatures (others)
  A komodo dragon (D:11)
  A bush (Lair:6)
  5 demonic plants (D:13)
  64 fungi
  165 plants
  A tentacle (Shoals:1)
237 creatures vanquished.

Grand Total: 1428 creatures vanquished

Notes
Turn   | Place    | Note
-------+----------+-------------------------------------------
     0 | D:1      | HendSelp the Vine Stalker Fighter began the quest for the
                  | Orb.
     0 | D:1      | Reached XP level 1. HP: 11/11 MP: 2/2
    94 | D:1      | Found a faded altar of an unknown god.
   102 | D:1      | Reached XP level 2. HP: 16/16 MP: 3/3
   205 | D:1      | Reached skill level 3 in Shields
   205 | D:1      | Reached XP level 3. HP: 20/20 MP: 4/4
   667 | D:2      | Noticed Sigmund
   667 | D:2      | Found a shimmering altar of Xom.
   677 | D:2      | Killed Sigmund
   678 | D:2      | Gained mutation: Your natural rate of healing is unusually
                  | fast. [Vine Stalker growth]
   678 | D:2      | Reached XP level 4. HP: 21/24 MP: 5/5
   678 | D:2      | Reached XP level 5. HP: 25/28 MP: 6/6
   839 | D:2      | Reached XP level 6. HP: 32/32 MP: 7/7
  1446 | D:2      | Noticed Jessica
  1449 | D:2      | Killed Jessica
  2059 | D:3      | Found a stormy altar of Qazlal.
  2179 | D:3      | Found an opulent altar of Gozag.
  2179 | D:3      | Found a broken altar of Ashenzari.
  2187 | D:3      | Found a burning altar of Makhleb.
  2190 | D:3      | Found a basalt altar of Yredelemnul.
  2192 | D:3      | Found a hazy altar of Hepliaklqana.
  2238 | D:3      | Noticed Ijyb
  2238 | D:3      | Paralysed by Ijyb for 2 turns
  2243 | D:3      | Paralysed by Ijyb for 4 turns
  2252 | D:3      | Killed Ijyb
  2295 | D:3      | Became a worshipper of Gozag Ym Sagoz the Greedy
  2686 | D:3      | Found a shimmering altar of Xom.
  2882 | D:4      | Reached XP level 7. HP: 15/37 MP: 6/8
  3157 | D:4      | Noticed Natasha
  3166 | D:4      | Killed Natasha
  3351 | D:4      | Noticed Natasha
  3357 | D:4      | Killed Natasha
  3488 | D:4      | Noticed Natasha
  3496 | D:4      | Killed Natasha
  3516 | D:5      | Entered Level 5 of the Dungeon
  3536 | D:5      | Noticed a yak
  3536 | D:5      | Noticed a yak
  3536 | D:5      | Noticed a yak
  3537 | D:5      | Noticed a yak
  3537 | D:5      | Noticed a yak
  3544 | D:5      | Killed a yak
  3545 | D:5      | Reached skill level 5 in Short Blades
  3549 | D:5      | Killed a yak
  3550 | D:5      | Reached skill level 4 in Shields
  3550 | D:5      | Gained mutation: You have razor-sharp teeth. [Vine Stalker
                  | growth]
  3550 | D:5      | Reached XP level 8. HP: 27/42 MP: 7/9
  3552 | D:5      | Killed a yak
  3553 | D:5      | Reached skill level 5 in Armour
  3557 | D:5      | Killed a yak
  3562 | D:5      | Killed a yak
  3657 | D:5      | Found a staircase to the Ecumenical Temple.
  3669 | Temple   | Entered the Ecumenical Temple
  4282 | D:5      | Found a blossoming altar of Fedhas.
  4677 | D:6      | Reached XP level 9. HP: 46/46 MP: 8/10
  5036 | D:6      | Found a runed translucent door.
  5052 | D:6      | HP: 2/46 [yak (4)]
  5055 | D:6      | Noticed spaghetti's ghost (novice DgWn)
  5239 | D:6      | Found a glowing silver altar of Zin.
  5284 | D:6      | Reached skill level 5 in Fighting
  5310 | D:6      | Noticed Maggie
  5322 | D:6      | Killed Maggie
  5507 | D:7      | Reached skill level 5 in Shields
  5549 | D:7      | Noticed a troll
  5559 | D:7      | Killed a troll
  5560 | D:7      | Reached XP level 10. HP: 23/51 MP: 7/11
  5700 | D:7      | Found a flagged portal.
  5730 | Bailey   | Entered a bailey
  6434 | D:7      | Found a radiant altar of Vehumet.
  6792 | D:8      | Reached skill level 1 in Dodging
  7275 | D:8      | Identified the +9 plate armour "Dinuh" {rElec rC+}
  7598 | D:9      | Noticed a two-headed ogre
  7806 | D:9      | Noticed Pikel
  7830 | D:9      | Killed Pikel
  7920 | D:9      | Killed a two-headed ogre
  7989 | D:9      | Paralysed by a hornet for 3 turns
  8001 | D:9      | Paralysed by a hornet for 3 turns
  8065 | D:9      | Reached skill level 6 in Shields
  8147 | D:9      | Reached skill level 10 in Short Blades
  8147 | D:9      | Reached XP level 11. HP: 53/55 MP: 12/12
  8160 | D:9      | Found a bloodstained altar of Trog.
  9129 | D:10     | Entered Level 10 of the Dungeon
  9174 | D:10     | Found a glowing golden altar of the Shining One.
  9259 | D:10     | Found a shimmering blue altar of Sif Muna.
  9320 | D:10     | Found a viscous altar of Jiyva.
  9540 | D:10     | Found a staircase to the Orcish Mines.
  9549 | D:10     | Bought a crude short sword for 232 gold pieces
  9549 | D:10     | Identified the +5 short sword of Ruclul {holy, Contam
                  | *Corrode +Blink Int+10} (You bought it in a shop on level
                  | 10 of the Dungeon)
  9936 | D:10     | Found Fistruf's Demolitions Depot.
  9973 | D:10     | Reached skill level 7 in Shields
 10100 | D:11     | Noticed a two-headed ogre
 10100 | D:11     | Noticed a cyclops
 10107 | D:11     | Noticed a cyclops
 10111 | D:11     | Killed a two-headed ogre
 10196 | D:11     | Noticed a two-headed ogre
 10199 | D:11     | Noticed a two-headed ogre
 10200 | D:11     | Noticed a two-headed ogre
 10201 | D:11     | Noticed Lodul
 10209 | D:11     | Killed a two-headed ogre
 10213 | D:11     | Noticed a sun demon
 10215 | D:11     | Killed a two-headed ogre
 10238 | D:11     | Killed a two-headed ogre
 10239 | D:11     | Reached XP level 12. HP: 38/63 MP: 13/13
 10267 | D:11     | Killed Lodul
 10527 | D:11     | Found a staircase to the Lair.
 11028 | D:11     | Noticed a centaur warrior
 11058 | D:11     | Killed a centaur warrior
 11348 | Lair:1   | Entered Level 1 of the Lair of Beasts
 11645 | Lair:1   | Reached skill level 8 in Shields
 12270 | Lair:2   | Found a staircase to the Shoals.
 12284 | Lair:2   | Reached skill level 10 in Armour
 12309 | Lair:2   | Noticed a boulder beetle
 12337 | Lair:2   | Killed a boulder beetle
 12338 | Lair:2   | Reached XP level 13. HP: 30/69 MP: 9/14
 12919 | Lair:2   | You fall into a shaft and drop 2 floors!
 13367 | Lair:3   | Reached skill level 9 in Shields
 13613 | Lair:3   | Found a hole to the Spider Nest.
 13642 | Lair:3   | Noticed Fannar
 13685 | Lair:3   | Killed Fannar
 15696 | Lair:4   | Reached XP level 14. HP: 76/76 MP: 15/15
 15786 | Lair:4   | Reached skill level 10 in Shields
 16420 | Lair:5   | Reached skill level 10 in Fighting
 17407 | Lair:6   | Entered Level 6 of the Lair of Beasts
 17485 | Lair:6   | Found a dark tunnel.
 17495 | Volcano  | Entered a volcano
 17813 | Lair:6   | Reached skill level 11 in Shields
 18639 | Lair:6   | Reached XP level 15. HP: 80/81 MP: 16/16
 18778 | Lair:6   | Reached skill level 12 in Shields
 18902 | Lair:6   | Found a viscous altar of Jiyva.
 19404 | Lair:6   | Found a staircase to the Slime Pits.
 20308 | Orc:1    | Entered Level 1 of the Orcish Mines
 20433 | Orc:2    | Entered Level 2 of the Orcish Mines
 21000 | Orc:2    | Reached skill level 13 in Shields
 21482 | Orc:2    | Noticed an orc warlord
 21483 | Orc:2    | Found Upsaovum's Distillery.
 21555 | Orc:2    | Found a staircase to the Elven Halls.
 21889 | Orc:2    | HP: 3/73 [orc warlord/+1 battleaxe of draining (8)]
 21906 | Orc:2    | Killed an orc warlord
 22003 | Orc:2    | Found Empuhiol's Distillery.
 22230 | Orc:2    | Noticed Maurice
 22230 | Orc:2    | Noticed Snorg
 22234 | Orc:2    | Killed Maurice
 22240 | Orc:2    | Killed Snorg
 22473 | Orc:2    | Noticed an orc warlord
 22491 | Orc:2    | Killed an orc warlord
 22526 | Orc:2    | Found Efoppoph's Book Boutique.
 22911 | Orc:2    | Found Imin Veorhue's Jewellery Shoppe.
 23414 | D:12     | Reached XP level 16. HP: 87/87 MP: 17/17
 23471 | D:12     | Reached skill level 14 in Shields
 24105 | D:12     | Got Ts'ui Pên's Almanac of Forking Paths
 24159 | D:12     | Got Jivar's Volume of Dhcmrlchtdj
 24166 | D:12     | Got Cour's Catalogue of Combed Thunderclap
 25078 | D:13     | Found a corrupted altar of Lugonu.
 25197 | D:13     | Noticed Rupert
 25215 | D:13     | Killed Rupert
 25580 | D:13     | Reached skill level 5 in Spellcasting
 25580 | D:13     | Reached XP level 17. HP: 92/92 MP: 17/25
 25792 | D:14     | Noticed Jorgrun
 26279 | D:6      | Killed spaghetti's ghost
 26602 | D:14     | Killed Jorgrun
 26603 | D:14     | Reached skill level 15 in Shields
 27025 | D:14     | Found a gate to the Vaults.
 27168 | D:14     | Found a shimmering altar of Xom.
 27893 | D:15     | Entered Level 15 of the Dungeon
 27907 | D:15     | Noticed Louise
 28027 | D:15     | Killed Louise
 28169 | D:15     | Reached skill level 16 in Shields
 28169 | D:15     | Reached XP level 18. HP: 75/98 MP: 20/26
 28576 | D:15     | Found Qetsumog's Magic Scroll Shop.
 28693 | D:15     | Found a broken altar of Ashenzari.
 28812 | D:15     | Found a staircase to the Depths.
 29437 | Spider:1 | Entered Level 1 of the Spider Nest
 29863 | Spider:1 | Noticed Josephine
 29879 | Spider:1 | Killed Josephine
 30427 | Lair:4   | Bought a glowing crystal plate armour for 2490 gold pieces
 30544 | Spider:2 | Noticed Frances
 30585 | Spider:2 | Killed Frances
 30677 | Spider:2 | Reached skill level 17 in Shields
 31857 | D:15     | Bought a scroll of enchant armour for 97 gold pieces
 31857 | D:15     | Bought a scroll of enchant armour for 97 gold pieces
 31857 | D:15     | Bought a scroll of enchant armour for 97 gold pieces
 32300 | Spider:3 | Noticed Mlioglotl
 32319 | Spider:3 | Killed Mlioglotl
 33831 | Spider:4 | Entered Level 4 of the Spider Nest
 33849 | Spider:4 | HP: 4/98 [sun moth (3)]
 34338 | Spider:4 | Reached skill level 15 in Short Blades
 34424 | Spider:4 | Identified the +8 plate armour of Twilight {Rampage}
 34605 | Spider:4 | Reached skill level 18 in Shields
 34605 | Spider:4 | Reached XP level 19. HP: 60/103 MP: 27/27
 36208 | Spider:4 | Identified the +0 hat of the Vestibule of Hell {Harm
                  | *Corrode rN++ SInv}
 36238 | Spider:4 | Got a gossamer rune of Zot
 36959 | Shoals:1 | Entered Level 1 of the Shoals
 36960 | Shoals:1 | Upgraded the game from 0.29-a0-344-ge2f44be95a to
                  | 0.29-a0-350-g7790a0e70a
 37278 | Shoals:1 | Reached skill level 19 in Shields
 38225 | Shoals:2 | Found Woicekum's Antique Weapon Shop.
 38686 | Shoals:1 | Slain by a kraken

Illustrated notes

Levels and vault maps discovered:
D:1:      matt_arrival_spirals, layout_rooms,
          hellmonk_ecumenical_altar_arch_garden, grunt_decor_one_mirror,
          grunt_decor_resistance
D:2:      minmay_razor_zed, layout_loops_corners, basic_altar,
          minmay_shallow_snake_nest, uniq_jessica, uniq_sigmund
D:3:      layout_loops_ring, grunt_qazlal_clouds,
          mainiacjoe_overflow_small_starburst,
          chequers_temple_overflow_minitemple, minmay_fountain_box, uniq_ijyb
D:4:      layout_layer_cave, uniq_natasha
D:5:      layout_loops_ring, fedhas_altar_fruit_tree, minmay_temple_entry_grid
D:6:      layout_basic, zin_treasury, ebering_ghost_inner_flame,
          minmay_misc_feat_diagonals, uniq_maggie
D:7:      layout_basic, vehumet_statue, enter_bailey_6, minmay_misc_feat_square
D:8:      layout_loops_ring, dreamdust_gnoll_shepherd
D:9:      kennysheep_seaside_town, layout_basic, mainiacjoe_overflow_brackets,
          uniq_pikel
D:10:     layout_roguey, nicolae_overflow_crystal_walls, marbit_many_paths,
          erik_orc_4, nicolae_blasting_shop, jiyva_altar_1
D:11:     layout_loops_ring, erik_lair_dragon, grunt_ministairs_2,
          dk_noncrumbling_4, nicolae_fountain_basement, uniq_lodul
D:12:     layout_basic, bh_hangedman_babel_library
D:13:     kennysheep_kobold_lugonu_temple, layout_stronghold, uniq_rupert
D:14:     layout_roguey [special_room_bee], grunt_vaults_entry_tiered,
          moated_statue, kennysheep_cross_bottleneck, led_xom_imps, uniq_jorgrun
D:15:     gammafunk_enter_depths_forms, layout_rooms, serial_shops,
          nicolae_shop_advertising_works [nicolae_subvault_shop_adworks],
          evilmike_ruin_ashenzari, uniq_louise
Temple:   grunt_temple_mini_profane
Lair:1:   layout_misc_corridors, eino_small_chamber_without_monster
Lair:2:   layout_loops_ring, elwin_shoals_entry_rocks, special_room,
          serial_bayou_ford_a
Lair:3:   layout_cave_pods, nicolae_spider_entry_non_spiders,
          grunt_megastairs_5, uniq_fannar
Lair:4:   layout_regular_city, beast_lair_carwin_10, infiniplex_staircase_pool,
          grunt_megastairs_2
Lair:5:   layout_roguey [special_room_mythical_zoo]
Lair:6:   minmay_lair_end_frog_pond, layout_loops_ring, slime_altar_1,
          lightli_volcano_entry_magma_tube, nicolae_quartered_pool_super,
          nicolae_lair_lindhole
Shoals:1: layout_shoals, nicolae_shoals_kraken_intersection
Shoals:2: layout_shoals, serial_shops, shop_coins
Spider:1: layout_spider_delve, uniq_josephine
Spider:2: layout_spider_delve, uniq_frances
Spider:3: layout_spider_delve, uniq_mlioglotl
Spider:4: floodkiller_spider_rune_tomb, drop_trap, nicolae_spider_scorpion_nest
Orc:1:    layout_caves
Orc:2:    pubby_orc_utopia, serial_shops, uniq_snorg, uniq_maurice

Skill      XL: |  1  2  3  4  5  6  7  8  9 10 11 12 13 14 15 16 17 18 19 |
---------------+----------------------------------------------------------+-----
Short Blades   | 2 3 4 5 6 8 10 11 12 13 14 15 | 15.2
Fighting       | 3 4 5 6 7 8 9 10 11 12 13 | 13.0
Shields        | 3 4 5 6 7 8 9 11 13 14 16 18 19 | 19.2
Armour         | 3 4 5 7 9 10 11 12 13 14 | 14.1
Dodging        | 1 2 |  2.6
Spellcasting   | 5 |  5.2

Action                   |  1- 3 |  4- 6 |  7- 9 | 10-12 | 13-15 | 16-18 | 19-21 || total
-------------------------+-------+-------+-------+-------+-------+-------+-------++-------
Melee: Rapier            |    68 |   177 |   251 |   563 |       |       |       ||  1059
       Bite              |    19 |    52 |    92 |   408 |  1242 |  1254 |   636 ||  3703
       Short sword       |       |       |       |   486 |  2540 |  2429 |  1285 ||  6740
Throw: Throwing net      |       |       |     1 |       |       |       |       ||     1
Invok: Call Merchant     |       |       |     1 |     2 |     1 |       |     1 ||     5
       Potion Petition   |       |       |       |     1 |    12 |     2 |     1 ||    16
Evoke: Wand              |       |       |     2 |     9 |    11 |     2 |       ||    24
  Use: Scroll            |     2 |     8 |     6 |    13 |     8 |    10 |     1 ||    48
       Potion            |       |       |     1 |     6 |     8 |    13 |     3 ||    31
 Stab: Held in net/web   |       |       |     2 |       |       |       |       ||     2
       Distracted        |       |       |       |     5 |    21 |    10 |     3 ||    39
       Paralysed         |       |       |       |     2 |     3 |       |       ||     5
       Invisible         |       |       |       |       |     4 |    32 |       ||    36
Armor: Scale mail        |    25 |    27 |       |       |       |       |       ||    52
       Plate armour      |       |    66 |   139 |   577 |  1079 |   482 |       ||  2343
       Skin              |       |       |       |       |    22 |       |       ||    22
       Crystal plate arm |       |       |       |       |       |   429 |   449 ||   878
Dodge: Dodged            |    26 |    64 |    41 |   244 |   390 |   262 |   107 ||  1134
       Repelled          |       |       |       |       |       |     1 |       ||     1
Block: Buckler           |    15 |    39 |    66 |   292 |   100 |       |       ||   512
       Kite shield       |       |       |       |       |   345 |       |       ||   345
       Tower shield      |       |       |       |       |  1419 |  2674 |  1406 ||  5499

Table legend: (Time is in decaauts)
 A = Elapsed time spent in this place.
 B = Non-inter-level travel time spent in this place.
 C = Inter-level travel time spent in this place.
 D = Time resting spent in this place.
 E = Time spent auto-exploring this place.
 F = Levels seen in this place.
 G = Mean time per level.
                   A        B        C        D        E       F      G
               +--------+--------+--------+--------+--------+-----+--------+
         Total |  36455 |  32511 |   3944 |   2658 |  19816 |  32 | 1139.2 |
       Dungeon |  16450 |  14142 |   2308 |   1114 |   9096 |  15 | 1096.7 |
        Temple |    215 |    177 |     38 |      0 |    173 |   1 |  215.0 |
          Lair |   8354 |   7498 |    856 |    608 |   4573 |   6 | 1392.3 |
        Shoals |   1633 |   1541 |     92 |      0 |    981 |   2 |  816.5 |
   Spider Nest |   6289 |   5778 |    511 |    698 |   3054 |   4 | 1572.2 |
  Orcish Mines |   2769 |   2633 |    136 |    166 |   1518 |   2 | 1384.5 |
        Bailey |    483 |    483 |      0 |     21 |    286 |   1 |  483.0 |
       Volcano |    259 |    259 |      0 |     49 |    134 |   1 |  259.0 |
               +--------+--------+--------+--------+--------+-----+--------+

Top non-repeatable levels by time:
Spider:4: 2334 daAuts
   Orc:2: 2257 daAuts
Spider:3: 1830 daAuts
    D:11: 1612 daAuts
  Lair:3: 1566 daAuts
  Lair:6: 1557 daAuts
  Lair:4: 1551 daAuts
    D:14: 1532 daAuts
  Lair:5: 1498 daAuts
    D:13: 1491 daAuts
     D:9: 1481 daAuts
Spider:1: 1322 daAuts
     D:2: 1214 daAuts
     D:8: 1183 daAuts
    D:12: 1135 daAuts
